 Dungeon Sprint DCSS version 0.17-b1-15-g0f5fb43 (webtiles) character file.

498 hexophile the Cleaver (level 10, -1/87 HPs)
             Began as a Demonspawn Fighter on Nov 3, 2015.
             Was a High Priest of Makhleb.
             Slain by an emperor scorpion (9 damage)
             ... in the Dungeon (Sprint VI: "Thunderdome").
             The game lasted 00:09:47 (1192 turns).

hexophile the Cleaver (Demonspawn Fighter)          Turns: 1192, Time: 00:09:47

Health: -1/87      AC: 11    Str: 32    XL:     10   Next: 56%
Magic:  16/16      EV: 18    Int: 17    God:    Makhleb [*****.]
Gold:   225        SH: 16    Dex: 24    Spells: 0 memorised, 9 levels left

rFire  + . .     SeeInvis .     t - +0 broad axe (flame)
rCold  . . .     Clarity  .     b - +0 scale mail
rNeg   . . .     SustAt   .     c - +0 shield
rPois  +         Gourm    .     (no helmet)
rElec  +         Spirit   .     (no cloak)
rCorr  .         Warding  .     (no gloves)
rMut   .         NoTele   +     (no boots)
MR     .....                    r - amulet "Puut" {rElec rF- Regen+ Dex+6}
Stlth  ++........               q - ring of Lonyum {rPois rF+ Str+4 Int+4}
                                p - ring "Rafoit" {MR- Str+4 Int+2 Dex+6 Stlth+}

@: mighty, not resistant to hostile enchantments, unstealthy
A: claws 2, large bone plates 2, demonic guardian 1, fire resistance 1, flame
cloud immunity
a: Minor Destruction, Lesser Servant of Makhleb, Major Destruction, Greater
Servant of Makhleb, Renounce Religion
}: 1/15 runes: decaying


You were in the Dungeon.
You worshipped Makhleb.
Makhleb was extremely pleased with you.
You were not hungry.

You visited 1 branch You collected 830 gold pieces.
You spent 605 gold pieces at shops.

Inventory:

Hand Weapons
 t - a +0 broad axe of flaming (weapon)
Armour
 b - a +0 scale mail (worn)
 c - a +0 shield (worn)
Rods
 u - a +4 rod of inaccuracy (14/14)
   (You found it in the Dungeon)
Jewellery
 p - the ring "Rafoit" (left claw) {MR- Str+4 Int+2 Dex+6 Stlth+}
   (You bought it in a shop in the Dungeon)

   [ring of strength]

   It affects your strength (+4).
   It affects your intelligence (+2).
   It affects your dexterity (+6).
   It affects your resistance to hostile enchantments.
   It makes you more stealthy.
 q - the ring of Lonyum (right claw) {rPois rF+ Str+4 Int+4}
   (You bought it in a shop in the Dungeon)

   [ring of intelligence]

   It affects your strength (+4).
   It affects your intelligence (+4).
   It protects you from fire.
   It protects you from poison.
 r - the amulet "Puut" (around neck) {rElec rF- Regen+ Dex+6}
   (You bought it in a shop in the Dungeon)

   [amulet of regeneration]

   It affects your dexterity (+6).
   It makes you vulnerable to fire.
   It insulates you from electricity.
   It increases your rate of regeneration.
 s - the ring "Tidwun" {rPois rF+ Stlth-}
   (You bought it in a shop in the Dungeon)

   [ring of loudness]

   It protects you from fire.
   It protects you from poison.
   It makes you less stealthy.
Wands
 m - a wand of cold (0)
 n - a wand of fire (5)
Scrolls
 k - 3 scrolls of blinking
 o - 3 scrolls of fog
Potions
 f - a potion of curing
 g - 5 potions of heal wounds
 h - 4 potions of haste
 i - 2 potions of magic
 j - a potion of berserk rage
 l - a potion of resistance


   Skills:
 - Level 11.1 Fighting
 - Level 13.0 Axes
 * Level 8.3 Armour
 * Level 8.7 Dodging
 * Level 8.2 Shields
 - Level 9.1 Invocations
 - Level 1.0 Evocations


You had 9 spell levels left.
You didn't know any spells.

Dungeon Overview and Level Annotations

Branches:
Dungeon (1/1)

Altars:
Cheibriados
Dithmenos
Fedhas
Gozag
Kikubaaqudgha
Makhleb
Okawaru
Qazlal
Ru
Sif Muna
Trog
Vehumet
Xom
Yredelemnul
Zin
The Shining One
Jiyva
Lugonu

Shops:
D *[%??*?*:[((!!!!


Innate Abilities, Weirdness & Mutations

You have very sharp fingernails.
You are mostly covered in large bone plates (AC +3, SH +3).
A weak demonic guardian rushes to your aid.
Your flesh is heat resistant.
You are immune to clouds of flame.


Message History

Your ufetubus hits the redback.
Your orange demon barely misses the redback.
Unknown command.
You closely miss the emperor scorpion.
The emperor scorpion is heavily wounded.
The redback dies!
Makhleb accepts your kill.
You block the emperor scorpion's attack. x3
Your ynoxinul gestures.
Your neqoxec gestures.
Unknown command.
You slash the emperor scorpion! You burn the emperor scorpion.
The emperor scorpion is heavily wounded.
The jumping spider closely misses your ufetubus.
The jumping spider misses your ufetubus.
Your ufetubus barely misses the jumping spider.
Your ufetubus hits the jumping spider. The emperor scorpion stings you!
* * * LOW HITPOINT WARNING * * *
You block the emperor scorpion's attack.
The emperor scorpion claws you!
You die...

###..)......### #⌠.....).....⌠#
######.8.........8.######
##∩.__......###[....._..∩##
###∩........8.# #.8[.......∩###
##.............###..)..........#
#⌠..........###5..###..........⌠
#⌠..........# #33.# #..........⌠
#⌠..........###@55###..........⌠
##..........5ss###.............#
###∩.....[..85# #.8........∩###
##∩___..5.45###......___∩##
######.8.3)......8.######
#⌠..5........⌠# ###..5......###
#_......._# #_.....)._#


You could see an emperor scorpion, a jumping spider, a friendly orange demon, a
friendly smoke demon, a friendly neqoxec, a friendly ynoxinul, a friendly iron
imp, a friendly quasit, a friendly shadow imp and 6 friendly ufetubi.

Vanquished Creatures
  Pikel (D)
  2 ugly things (D)
  2 water moccasins (D)
  2 spiders (D)
  An ice beast (D)
  3 scorpions (D)
  Ijyb (D)
  An adder (D)
  A goblin (D)
  2 hobgoblins (D)
  A kobold (D)
  2 ball pythons (D)
  A ball python simulacrum (D)
  A giant gecko simulacrum (D)
21 creatures vanquished.

Vanquished Creatures (collateral kills)
  A wizard (D)
  A wolf spider (D)
  An orb spider (D)
  6 ugly things (D)
  A redback (D)
  An ice beast (D)
  A spider (D)
  A bat simulacrum (D)
13 creatures vanquished.

Grand Total: 34 creatures vanquished

Notes
Turn   | Place    | Note
--------------------------------------------------------------
     0 | D        | hexophile the Demonspawn Fighter began the quest for the Orb.
     0 | D        | Reached XP level 1. HP: 18/18 MP: 1/1
     3 | D        | Found a corrupted altar of Lugonu.
     3 | D        | Found a viscous altar of Jiyva.
     4 | D        | Found a snail-covered altar of Cheibriados.
     4 | D        | Found a shadowy altar of Dithmenos.
     5 | D        | Found an opulent altar of Gozag.
     5 | D        | Round 1.
     6 | D        | Found Funtudi's Identification Station.
     6 | D        | Found a basalt altar of Yredelemnul.
     6 | D        | Found a glowing golden altar of the Shining One.
     6 | D        | Found Ubem's Bee Food.
     7 | D        | Found Mudumn's Advanced Armour.
     7 | D        | Found Dowedgh's Jewellery.
     9 | D        | Found a bloodstained altar of Trog.
    15 | D        | Bought a shimmering jade ring for 45 gold pieces
    15 | D        | Bought a coiled ivory ring for 45 gold pieces
    15 | D        | Bought a sparkling lead amulet for 45 gold pieces
    16 | D        | Identified the ring "Rafoit" {MR- Str+4 Int+2 Dex+6 Stlth+} (You bought it in a shop in the Dungeon)
    17 | D        | Identified the ring of Lonyum {rPois rF+ Str+4 Int+4} (You bought it in a shop in the Dungeon)
    18 | D        | Identified the amulet "Puut" {rElec rF- Regen+ Dex+6} (You bought it in a shop in the Dungeon)
    24 | D        | Found Kumourr's Premium Goods.
    25 | D        | Found Kerum's Miscellaneous Merchandise.
    25 | D        | Found Tixiah Zofyu's Basic Armour.
    29 | D        | Found a glowing silver altar of Zin.
    29 | D        | Found a sacrificial altar of Ru.
    29 | D        | Found an ancient bone altar of Kikubaaqudgha.
    29 | D        | Found Tusum's Weapon Rack.
    33 | D        | Found a deep blue altar of Sif Muna.
    34 | D        | Found a stormy altar of Qazlal.
    35 | D        | Found a blossoming altar of Fedhas.
    36 | D        | Noticed a water moccasin
    36 | D        | Found Tuacaira's Do-It-Yourself Clinic.
    36 | D        | Found a radiant altar of Vehumet.
    36 | D        | Found Jym Unuo's Distillery.
    37 | D        | Found Halipsamm's Bottled Wisdom.
    37 | D        | Found Kaul's Distillery.
    43 | D        | Killed a water moccasin
    43 | D        | Reached skill level 5 in Fighting
    43 | D        | Reached skill level 5 in Armour
    43 | D        | Reached skill level 5 in Shields
    43 | D        | Reached skill level 1 in Evocations
    43 | D        | Gained mutation: Your flesh is heat resistant. [demonic ancestry]
    43 | D        | Reached XP level 2. HP: 22/28 MP: 2/2
    43 | D        | Gained mutation: You are immune to clouds of flame. [demonic ancestry]
    43 | D        | Reached XP level 3. HP: 26/34 MP: 3/3
    43 | D        | Gained mutation: You are partially covered in large bone plates (AC +2, SH +2). [demonic ancestry]
    43 | D        | Reached XP level 4. HP: 30/40 MP: 4/4
    46 | D        | Found a shimmering altar of Xom.
    49 | D        | Found Hieheptu's Staff Store.
    49 | D        | Noticed a water moccasin
    50 | D        | Found Bapiq's Must-Have Magic.
    50 | D        | Found Neosecwu's Magic Scroll Shop.
    55 | D        | Killed a water moccasin
    55 | D        | Reached skill level 7 in Axes
    55 | D        | Gained mutation: You have sharp fingernails. [demonic ancestry]
    55 | D        | Reached XP level 5. HP: 33/46 MP: 5/5
    57 | D        | Found a burning altar of Makhleb.
    57 | D        | Found an iron altar of Okawaru.
    57 | D        | Found Xuili's Magic Scroll Shop.
    65 | D        | Became a worshipper of Makhleb the Destroyer
   148 | D        | Bought a scorched jade ring for 45 gold pieces
   149 | D        | Identified the ring "Tidwun" {rPois rF+ Stlth-} (You bought it in a shop in the Dungeon)
   172 | D        | Reached * piety under Makhleb
   172 | D        | Arena points: 12 (+12) [x2]
   211 | D        | Round 2.
   219 | D        | Noticed Pikel
   239 | D        | Killed Pikel
   239 | D        | Reached skill level 8 in Fighting
   239 | D        | Reached skill level 11 in Axes
   239 | D        | Reached XP level 6. HP: 51/57 MP: 6/6
   239 | D        | Reached XP level 7. HP: 56/63 MP: 7/7
   266 | D        | Reached ** piety under Makhleb
   267 | D        | Noticed Ijyb
   274 | D        | Killed Ijyb
   297 | D        | Reached *** piety under Makhleb
   297 | D        | Arena points: 54 (+42) [x3]
   353 | D        | Round 3.
   394 | D        | Reached **** piety under Makhleb
   398 | D        | Reached skill level 12 in Axes
   398 | D        | Gained mutation: A weak demonic guardian rushes to your aid. [demonic ancestry]
   398 | D        | Reached XP level 8. HP: 71/71 MP: 8/8
   453 | D        | Reached skill level 1 in Invocations
   460 | D        | Arena points: 138 (+84) [x4]
   511 | D        | Round 4.
   528 | D        | Reached ***** piety under Makhleb
   579 | D        | Reached skill level 10 in Fighting
   579 | D        | Reached skill level 5 in Invocations
   653 | D        | Arena points: 162 (+24) [x1]
   668 | D        | Round 5.
   676 | D        | Noticed a witch
   734 | D        | Noticed a five-headed hydra
   757 | D        | Killed a witch
   757 | D        | Arena points: 282 (+120) [x3]
   764 | D        | Got a decaying rune of Zot
   766 | D        | Gained mutation: You are mostly covered in large bone plates (AC +3, SH +3). [demonic ancestry]
   766 | D        | Reached XP level 9. HP: 57/79 MP: 12/15
   796 | D        | Bought a +0 broad axe for 120 gold pieces
   824 | D        | Bought a scroll of brand weapon for 200 gold pieces
   973 | D        | Round 6.
   991 | D        | Noticed a brown ugly thing
   992 | D        | Noticed a brown ugly thing
   997 | D        | Noticed a red ugly thing
   997 | D        | Killed a brown ugly thing
   997 | D        | Gained mutation: You have very sharp fingernails. [demonic ancestry]
   997 | D        | Reached XP level 10. HP: 65/86 MP: 16/16
  1001 | D        | Killed a brown ugly thing
  1007 | D        | Killed a red ugly thing
  1012 | D        | Noticed a white ugly thing
  1020 | D        | Killed a white ugly thing
  1020 | D        | Reached skill level 13 in Axes
  1028 | D        | Noticed a brown ugly thing
  1036 | D        | Killed a brown ugly thing
  1040 | D        | Noticed a purple ugly thing
  1049 | D        | Killed a purple ugly thing
  1078 | D        | Noticed a cyan ugly thing
  1079 | D        | Noticed a red ugly thing
  1085 | D        | Killed a cyan ugly thing
  1090 | D        | Killed a red ugly thing
  1090 | D        | Reached ****** piety under Makhleb
  1090 | D        | Arena points: 498 (+216) [x4]
  1144 | D        | Bought 3 potions of heal wounds for 105 gold pieces
  1161 | D        | Round 7.
  1163 | D        | Noticed an emperor scorpion
  1164 | D        | Noticed an orb spider
  1166 | D        | Noticed a wolf spider
  1176 | D        | Killed a wolf spider
  1189 | D        | Killed an orb spider
  1192 | D        | Slain by an emperor scorpion

Action                   |  1- 3 |  4- 6 |  7- 9 | 10-12 || total
-------------------------+-------+-------+-------+-------++-------
Melee: War axe           |     2 |    23 |    74 |       ||    99
       Broad axe         |       |       |     3 |    17 ||    20
Invok: Lesser Servant of |       |       |     6 |    13 ||    19
Evoke: Wand              |     3 |     2 |       |       ||     5
  Use: Potion            |       |       |     2 |     2 ||     4
       Scroll            |       |       |     2 |       ||     2
  Eat: Bread ration      |       |       |     1 |       ||     1
